[Event "ICC Open 2015"]
[Site "Internet Chess Club"]
[Date "2015.05.30"]
[Round "6"]
[White "ALexiz"]
[Black "Snerk"]
[Result "1-0"]
[ICCResult "Black resigns"]
[WhiteElo "1805"]
[BlackElo "1559"]
[Opening "QGD Slav: 3.Nf3"]
[ECO "D11"]
[NIC "SL.01"]
[Time "15:03:14"]
[TimeControl "180+0"]

1. d4 d5 2. c4 c6 3. Nf3 Nf6 4. g3 dxc4 5. Bg2 Bg4 6. Ne5 Be6 7. O-O g6 8.
e4 Bg7 9. Nd2 O-O 10. Ndxc4 Bxc4 11. Nxc4 e6 12. Bg5 h6 13. Bf4 Nbd7 14. Bd6
Re8 15. Ne5 Nxe5 16. dxe5 Nd7 17. f4 Qb6+ 18. Kh1 Qxb2 19. Rb1 Qxa2 20. Rxb7
Nb6 21. Qg4 f5 22. Qxg6 fxe4 23. Bxe4 {Black resigns} 1-0

[Event "ICC Open 2015"]
[Site "Internet Chess Club"]
[Date "2015.05.30"]
[Round "6"]
[White "Supermodel"]
[Black "SCORPION83"]
[Result "0-1"]
[ICCResult "White resigns"]
[WhiteElo "2253"]
[BlackElo "3051"]
[Opening "Queen's Indian: Capablanca variation"]
[ECO "E16"]
[NIC "QI.06"]
[Time "15:02:33"]
[TimeControl "180+0"]

1. d4 e6 2. c4 Nf6 3. Nf3 b6 4. g3 Bb7 5. Bg2 Bb4+ 6. Bd2 Bxd2+ 7. Qxd2 O-O
8. O-O d6 9. Qc2 c5 10. Nc3 Nbd7 11. e4 cxd4 12. Nxd4 a6 13. Rfd1 Qc7 14.
Qe2 Rac8 15. b3 b5 16. Rac1 bxc4 17. Na4 Ne5 18. f4 Nc6 19. Rxc4 d5 20. exd5
exd5 21. Rcc1 Nxd4 {White resigns} 0-1

[Event "ICC Open 2015"]
[Site "Internet Chess Club"]
[Date "2015.05.30"]
[Round "6"]
[White "sakram07"]
[Black "MJXII"]
[Result "1-0"]
[ICCResult "Black resigns"]
[WhiteElo "1869"]
[BlackElo "1534"]
[Opening "Nimzovich-Larsen attack: modern variation"]
[ECO "A01"]
[NIC "VO.08"]
[Time "15:03:30"]
[TimeControl "180+0"]

1. b3 e5 2. Bb2 Nc6 3. e3 d5 4. Bb5 Bd6 5. f4 f6 6. Nh3 Bd7 7. O-O Bxh3 8.
Qh5+ g6 9. Qxh3 a6 10. Bxc6+ bxc6 11. fxe5 Bxe5 12. Bxe5 fxe5 13. Qe6+ Ne7
14. Qxe5 Qd6 15. Qxh8+ Kd7 16. Qxa8 d4 17. Na3 dxe3 18. dxe3 Nf5 19. Rad1
{Black resigns}
1-0

[Event "ICC Open 2015"]
[Site "Internet Chess Club"]
[Date "2015.05.30"]
[Round "6"]
[White "maly"]
[Black "zelog"]
[Result "1-0"]
[ICCResult "Black resigns"]
[WhiteElo "2569"]
[BlackElo "2071"]
[Opening "English: symmetrical, Benoni formation"]
[ECO "A31"]
[NIC "EO.46"]
[Time "15:03:13"]
[TimeControl "180+0"]

1. d4 Nf6 2. c4 c5 3. Nf3 cxd4 4. Nxd4 e5 5. Nb5 d5 6. cxd5 Bc5 7. N5c3 O-O
8. g3 e4 9. Bg2 Qe7 10. O-O Rd8 11. Be3 Bxe3 12. fxe3 Nbd7 13. Qd4 Re8 14.
Nd2 Nc5 15. Rf4 Bd7 16. b4 Na6 17. Ndxe4 Nxe4 18. Rxe4 Qd6 19. a3 Rad8 20.
Rxe8+ Bxe8 21. e4 b6 22. e5 Qd7 23. Rd1 Nc7 24. e4 Nb5 25. Nxb5 Qxb5 26. Rd3
Bd7 27. h4 h6 28. Kh2 Bg4 29. Bh3 Qa4 30. Bxg4 {Black resigns} 1-0

[Event "ICC Open 2015"]
[Site "Internet Chess Club"]
[Date "2015.05.30"]
[Round "6"]
[White "VerdeNotte"]
[Black "Cristhian-ator"]
[Result "1-0"]
[ICCResult "Black resigns"]
[WhiteElo "2900"]
[BlackElo "2531"]
[Opening "Benko's opening"]
[ECO "A00"]
[NIC "VO.09"]
[Time "15:02:59"]
[TimeControl "180+0"]

1. g3 Nf6 2. Bg2 g6 3. e4 Bg7 4. e5 Ng8 5. Nf3 d6 6. exd6 cxd6 7. O-O Nf6 8.
d4 O-O 9. c4 Nc6 10. Nc3 Bg4 11. Be3 Nd7 12. h3 Bxf3 13. Bxf3 e5 14. d5 Nd4
15. Nb5 Nxb5 16. cxb5 f5 17. Bg2 e4 18. Qb3 Rc8 19. Rac1 Qf6 20. Bxa7 b6 21.
Rc6 Nc5 22. Qc2 Qd4 23. Bxb6 Qxd5 24. Rd1 Qxa2 25. Rdxd6 Rxc6 26. bxc6 Na4
27. c7 Nxb6 28. Rxb6 Qa8 29. Qb3+ Kh8 30. Rb8 Qc6 31. Qf7 Qc5 32. b4 Qc1+
33. Kh2 {Black resigns} 1-0

[Event "ICC Open 2015"]
[Site "Internet Chess Club"]
[Date "2015.05.30"]
[Round "6"]
[White "NAS"]
[Black "EMILSEBY"]
[Result "0-1"]
[ICCResult "White resigns"]
[WhiteElo "1715"]
[BlackElo "2086"]
[Opening "Caro-Kann: Tartakower (Nimzovich) variation"]
[ECO "B15"]
[NIC "CK.06"]
[Time "15:03:28"]
[TimeControl "180+0"]

1. e4 c6 2. d4 d5 3. Nc3 dxe4 4. Nxe4 Nf6 5. Nxf6+ exf6 6. Be3 Bd6 7. Qd2
O-O 8. O-O-O Re8 9. Bd3 Bg4 10. Nf3 Nd7 11. h3 Bh5 12. Nh4 Bxd1 13. Rxd1 g6
14. g4 Qc7 15. g5 f5 16. Ng2 Nf8 17. Nf4 Ne6 18. Nxe6 Rxe6 19. Bc4 Re7 20.
Qc3 Rae8 21. h4 Bf4 22. h5 Bxe3+ 23. fxe3 Rxe3 24. Qd2 Qg3 25. hxg6 hxg6 26.
c3 Re1 27. Kc2 Rxd1 28. Qxd1 Qg2+ 29. Kb3 b5 30. Bd3 Qd5+ 31. Kc2 Re3 32. b3
Qg2+ {White resigns} 0-1

[Event "ICC Open 2015"]
[Site "Internet Chess Club"]
[Date "2015.05.30"]
[Round "6"]
[White "HardAsfalt"]
[Black "Kjaan1974"]
[Result "1-0"]
[ICCResult "Black resigns"]
[WhiteElo "1679"]
[BlackElo "1405"]
[Opening "Bishop's opening: Berlin defense"]
[ECO "C24"]
[NIC "IG.04"]
[Time "15:04:11"]
[TimeControl "180+0"]

1. e4 e5 2. Bc4 Nf6 3. Qf3 Be7 4. d3 O-O 5. Nc3 c6 6. Bg5 b5 7. Bb3 a5 8. a3
d6 9. O-O-O Be6 10. h4 Bxb3 11. cxb3 b4 12. axb4 axb4 13. Nb1 h6 14. Nh3
hxg5 15. hxg5 Nh7 16. Qh5 g6 17. Qh6 Nxg5 18. Nf4 Nh3 19. Rxh3 {Black
resigns} 1-0

[Event "ICC Open 2015"]
[Site "Internet Chess Club"]
[Date "2015.05.30"]
[Round "6"]
[White "Knight83"]
[Black "Sc6"]
[Result "0-1"]
[ICCResult "White checkmated"]
[WhiteElo "1243"]
[BlackElo "1717"]
[Opening "Sicilian: closed"]
[ECO "B24"]
[NIC "SI.44"]
[Time "15:02:34"]
[TimeControl "180+0"]

1. e4 c5 2. Nc3 Nc6 3. g3 Nf6 4. Bg2 g6 5. d3 Bg7 6. f4 d6 7. Nf3 Bg4 8. O-O
Nd4 9. h3 Bxf3 10. Bxf3 Nxf3+ 11. Qxf3 Qd7 12. Be3 Qxh3 13. Rf2 Ng4 14. Re2
Nxe3 15. Qxe3 Bd4 16. Qxd4 cxd4 17. Nd5 Qxg3+ 18. Rg2 Qh3 19. Nc7+ Kd7 20.
Nxa8 Rxa8 21. Rf1 Rc8 22. Rh2 Qe3+ 23. Rff2 h5 24. Kg2 f5 25. Rh3 Qc1 26.
Rhf3 Rxc2 27. Rxc2 Qxc2+ 28. Kg3 Qxb2 29. Rf2 Qc3 30. Rf3 b5 31. Kh4 Ke6 32.
Kg5 Kf7 33. exf5 gxf5 34. Kxf5 a5 35. Kg5 b4 36. Kxh5 a4 37. Kg5 b3 38. axb3
axb3 39. f5 b2 40. f6 e6 41. Rf1 Qc1+ 42. Rxc1 bxc1=Q+ 43. Kg4 Qe3 44. Kh5
Qxd3 45. Kh6 Qe3+ 46. Kh5 Qg3 47. Kh6 Qg6# {White checkmated} 0-1

[Event "ICC Open 2015"]
[Site "Internet Chess Club"]
[Date "2015.05.30"]
[Round "6"]
[White "LUCECOAGU"]
[Black "ultramagic1"]
[Result "1-0"]
[ICCResult "Black checkmated"]
[WhiteElo "2353"]
[BlackElo "1763"]
[Opening "French: Rubinstein variation"]
[ECO "C10"]
[NIC "FR.07"]
[Time "15:03:44"]
[TimeControl "180+0"]

1. e4 e6 2. d4 d5 3. Nc3 dxe4 4. Nxe4 Nd7 5. Nf3 Ngf6 6. Nxf6+ Nxf6 7. Bd3
c5 8. dxc5 Bxc5 9. O-O O-O 10. Qe2 b6 11. Rd1 Qc7 12. c4 Bb7 13. Ne5 Bd4 14.
Bf4 Bxe5 15. Bxe5 Qc6 16. f3 Qc5+ 17. Kh1 Rfd8 18. Rd2 Nd7 19. Bc3 e5 20.
Rad1 f6 21. Bxh7+ Kxh7 22. Rxd7 Rxd7 23. Rxd7 Qc6 24. Qd3+ Kg8 25. Re7 Rc8
26. Qg6 Qd6 27. Qxg7# {Black checkmated} 1-0

[Event "ICC Open 2015"]
[Site "Internet Chess Club"]
[Date "2015.05.30"]
[Round "6"]
[White "Ancient"]
[Black "Vanych"]
[Result "0-1"]
[ICCResult "White resigns"]
[WhiteElo "2111"]
[BlackElo "2576"]
[Opening "Sicilian"]
[ECO "B56"]
[NIC "SI.25"]
[Time "15:03:38"]
[TimeControl "180+0"]

1. e4 c5 2. Nf3 d6 3. d4 cxd4 4. Nxd4 Nf6 5. Nc3 Nc6 6. Nxc6 bxc6 7. Bd3 e5
8. O-O Be7 9. Kh1 O-O 10. f4 exf4 11. Bxf4 Be6 12. Ne2 Qb6 13. b3 Rad8 14.
Qe1 Nd7 15. Qg3 Ne5 16. Bxe5 dxe5 17. Qxe5 Bf6 18. Rxf6 gxf6 19. Qxf6 Qe3
20. Rf1 Rfe8 21. Ng3 Qd4 22. Qh4 Kh8 23. Nh5 Rg8 24. Nf6 Rg7 25. Nxh7 Rxh7
26. Qf4 {White resigns} 0-1

[Event "ICC Open 2015"]
[Site "Internet Chess Club"]
[Date "2015.05.30"]
[Round "6"]
[White "faust"]
[Black "kava"]
[Result "1-0"]
[ICCResult "Black resigns"]
[WhiteElo "3212"]
[BlackElo "2863"]
[Opening "Sicilian: Najdorf, Adams attack"]
[ECO "B90"]
[NIC "SI.14"]
[Time "15:03:54"]
[TimeControl "180+0"]

1. e4 c5 2. Nf3 d6 3. d4 cxd4 4. Nxd4 Nf6 5. Nc3 a6 6. h3 e5 7. Nde2 h5 8.
Ng1 Be7 9. a4 Qc7 10. Nf3 Be6 11. Ng5 Bc4 12. Be2 Nbd7 13. Be3 Rc8 14. O-O
Bxe2 15. Qxe2 Qc4 16. Qf3 h4 17. a5 Nf8 18. Ra4 Qc6 19. Rb4 Ne6 20. Rb6 Qc7
21. Rd1 Rd8 22. Nd5 Qd7 23. Nxe6 fxe6 24. Nxf6+ gxf6 25. c4 Qc7 26. b3 Kf7
27. Bd2 Rd7 28. Bb4 Qd8 29. Rd3 Qc7 30. Qd1 Rdd8 31. Bxd6 Bxd6 32. Rbxd6
Rxd6 33. Rxd6 Ke7 34. c5 Rd8 35. Rxd8 Qxd8 36. Qxd8+ Kxd8 37. g3 {Black
resigns} 1-0

[Event "ICC Open 2015"]
[Site "Internet Chess Club"]
[Date "2015.05.30"]
[Round "6"]
[White "Kyekerz"]
[Black "Ira57"]
[Result "0-1"]
[ICCResult "White checkmated"]
[WhiteElo "1295"]
[BlackElo "1949"]
[Opening "French: advance variation"]
[ECO "C02"]
[NIC "FR.03"]
[Time "15:03:17"]
[TimeControl "180+0"]

1. e4 e6 2. d4 d5 3. e5 c5 4. c3 Nc6 5. Bb5 Bd7 6. Bxc6 bxc6 7. Nf3 cxd4 8.
cxd4 c5 9. Nc3 Rc8 10. Be3 Ne7 11. Nh4 Nc6 12. O-O Qxh4 13. Qf3 cxd4 14. g3
Qh3 15. Ne2 Nxe5 16. Qf4 Ng4 17. Qf3 Qxh2# {White checkmated} 0-1

[Event "ICC Open 2015"]
[Site "Internet Chess Club"]
[Date "2015.05.30"]
[Round "6"]
[White "UAE2002"]
[Black "MWeston"]
[Result "1-0"]
[ICCResult "Black resigns"]
[WhiteElo "2156"]
[BlackElo "2633"]
[Opening "Queen's pawn: Torre attack"]
[ECO "A40"]
[NIC "QP.04"]
[Time "15:04:04"]
[TimeControl "180+0"]

1. d4 e6 2. Nf3 Nf6 3. Bg5 Be7 4. Nbd2 d5 5. e3 O-O 6. Bd3 Nbd7 7. c3 b6 8.
h4 Bb7 9. Ne5 Nxe5 10. dxe5 Nd7 11. f4 Nc5 12. Bc2 Ba6 13. Qh5 g6 14. Qf3
Nd3+ 15. Bxd3 Bxd3 16. O-O-O f6 17. Bh6 Rf7 18. exf6 Bxf6 19. e4 Ba6 20.
exd5 Qxd5 21. Ne4 Bb7 22. Nxf6+ Rxf6 23. Rxd5 Bxd5 24. Qe3 Re8 25. Rd1 Kf7
26. c4 Bxg2 27. Rd7+ {Black resigns} 1-0

[Event "ICC Open 2015"]
[Site "Internet Chess Club"]
[Date "2015.05.30"]
[Round "6"]
[White "olimpioMD"]
[Black "bjerky"]
[Result "0-1"]
[ICCResult "White checkmated"]
[WhiteElo "1432"]
[BlackElo "1650"]
[Opening "Dutch with c4 & Nc3"]
[ECO "A85"]
[NIC "HD.05"]
[Time "15:03:21"]
[TimeControl "180+0"]

1. d4 f5 2. c4 Nf6 3. Nc3 e6 4. Qc2 Be7 5. Bf4 O-O 6. O-O-O c6 7. h4 d5 8.
h5 h6 9. f3 dxc4 10. e4 fxe4 11. Nxe4 Nxe4 12. Bxh6 gxh6 13. Qxe4 Bg5+ 14.
Kb1 Qd5 15. Qe2 b5 16. Nh3 Nd7 17. Nxg5 Qxg5 18. Qxe6+ Kg7 19. Qxc6 Nf6 20.
Qxa8 Bf5+ 21. Qe4 Nxe4 22. fxe4 Bxe4+ 23. Ka1 Rf2 24. Bxc4 bxc4 25. Rhe1 Bd3
26. a3 Qxg2 27. Rg1 Kf6 28. Rxg2 Rxg2 29. Re1 Re2 30. Rg1 Ke6 31. a4 Kd5 32.
Rg4 Re4 33. Rg1 Kxd4 34. a5 c3 35. bxc3+ Kxc3 36. Rc1+ Kb3 37. a6 Ra4#
{White checkmated}
0-1

[Event "ICC Open 2015"]
[Site "Internet Chess Club"]
[Date "2015.05.30"]
[Round "6"]
[White "kurumania"]
[Black "Tut"]
[Result "1-0"]
[ICCResult "Black resigns"]
[WhiteElo "2849"]
[BlackElo "3176"]
[Opening "Grünfeld: Three knights variation"]
[ECO "D90"]
[NIC "GI.07"]
[Time "15:03:10"]
[TimeControl "180+0"]

1. d4 Nf6 2. c4 g6 3. Nc3 d5 4. Nf3 Bg7 5. cxd5 Nxd5 6. g3 Nxc3 7. bxc3 b6
8. Bg2 Bb7 9. O-O O-O 10. Re1 c5 11. e4 Nc6 12. Be3 Na5 13. e5 Nc4 14. Bg5
h6 15. Bf4 Rc8 16. h4 e6 17. Qa4 Bd5 18. Rac1 Rc7 19. Nh2 Bxg2 20. Kxg2 Qa8+
21. Kg1 cxd4 22. cxd4 Rfc8 23. Ng4 h5 24. Nf6+ Bxf6 25. exf6 Rc6 26. Qb4 a6
27. Rc3 b5 28. Rec1 Qb7 29. a4 Qb6 30. axb5 axb5 31. Be5 Qb7 32. R3c2 Nxe5
33. Rxc6 Rxc6 34. Rxc6 Nxc6 35. Qd2 Qd7 36. Qh6 {Black resigns} 1-0

[Event "ICC Open 2015"]
[Site "Internet Chess Club"]
[Date "2015.05.30"]
[Round "6"]
[White "chessdi"]
[Black "Tomorrowlan"]
[Result "0-1"]
[ICCResult "White checkmated"]
[WhiteElo "2446"]
[BlackElo "2870"]
[Opening "Bogo-Indian defense, Grünfeld variation"]
[ECO "E11"]
[NIC "QI.01"]
[Time "15:04:50"]
[TimeControl "180+0"]

1. d4 Nf6 2. c4 e6 3. Nf3 Bb4+ 4. Nbd2 a5 5. g3 b6 6. Bg2 Bb7 7. O-O Bxd2 8.
Bxd2 d6 9. Re1 Nbd7 10. b3 O-O 11. Bc3 Qe7 12. Qc2 Be4 13. Qb2 a4 14. Bh3 c5
15. Nd2 Bb7 16. Rad1 cxd4 17. Bxd4 e5 18. Be3 axb3 19. axb3 Nc5 20. Ra1 Qc7
21. Bf5 d5 22. Bg5 d4 23. Bxf6 Qc6 24. Qc2 Qg2# {White checkmated} 0-1

[Event "ICC Open 2015"]
[Site "Internet Chess Club"]
[Date "2015.05.30"]
[Round "6"]
[White "malomba"]
[Black "Bundestrainer"]
[Result "0-1"]
[ICCResult "White forfeits on time"]
[WhiteElo "930"]
[BlackElo "1840"]
[Opening "Pirc defense"]
[ECO "B07"]
[NIC "PU.08"]
[Time "15:02:59"]
[TimeControl "180+0"]

1. d4 d6 2. e4 Nf6 3. Bd3 e5 4. d5 c6 5. Nf3 cxd5 6. exd5 Nbd7 7. O-O Be7 8.
c4 e4 9. Bg5 exd3 10. Qxd3 O-O 11. Nh4 Ne5 12. Qg3 Ng6 13. Nf3 h6 14. Bd2
Qd7 15. Nc3 Qg4 16. Qxg4 Bxg4 17. Nd4 Bd7 18. Rae1 Rfe8 19. Ne4 Nxe4 20.
Rxe4 Bf6 21. Rxe8+ Rxe8 22. Nf3 Bxb2 {White forfeits on time} 0-1

[Event "ICC Open 2015"]
[Site "Internet Chess Club"]
[Date "2015.05.30"]
[Round "6"]
[White "Satyricon"]
[Black "Chisel"]
[Result "1-0"]
[ICCResult "Black resigns"]
[WhiteElo "2250"]
[BlackElo "1813"]
[Opening "Queen's pawn: Charlick (Englund) gambit"]
[ECO "A40"]
[NIC "QO.17"]
[Time "15:04:22"]
[TimeControl "180+0"]

1. d4 e5 2. dxe5 d6 3. exd6 Bxd6 4. Nf3 Nc6 5. g3 Nf6 6. Bg2 O-O 7. c3 Bg4
8. h3 Bh5 9. Bg5 h6 10. Bxf6 Qxf6 11. Nbd2 Rad8 12. O-O Ne5 13. Qb3 Rfe8 14.
Ne4 Qe7 15. Nxd6 Rxd6 16. Nxe5 Qxe5 17. Qxb7 Rb6 18. Qxa7 Rxb2 19. e3 Qxc3
20. Rac1 Rc2 21. Qa4 Rxc1 22. Qxe8+ Kh7 23. Be4+ Bg6 24. Rxc1 Qc2 25. Rxc2
{Black resigns}
1-0

[Event "ICC Open 2015"]
[Site "Internet Chess Club"]
[Date "2015.05.30"]
[Round "6"]
[White "ROWLAND"]
[Black "xionoula"]
[Result "0-1"]
[ICCResult "White resigns"]
[WhiteElo "1725"]
[BlackElo "2160"]
[Opening "French: Tarrasch, closed variation"]
[ECO "C05"]
[NIC "FR.16"]
[Time "15:03:26"]
[TimeControl "180+0"]

1. e4 e6 2. d4 d5 3. Nd2 Nf6 4. e5 Nfd7 5. Bd3 b6 6. c3 Ba6 7. Bxa6 Nxa6 8.
Ne2 c5 9. Nf3 Nab8 10. O-O Be7 11. Be3 Nc6 12. Qd2 O-O 13. Rac1 Rc8 14. Ng3
cxd4 15. cxd4 Nb4 16. b3 b5 17. Bg5 Bxg5 18. Nxg5 Nc6 19. Rc3 Qe7 20. Rfc1
Ndb8 21. Qc2 Qxg5 22. Nh1 Nxd4 23. Rxc8 Nxc2 24. R1xc2 Nd7 25. Ng3 Qxe5 26.
h4 g6 27. Re2 Qa1+ 28. Kh2 Rxc8 {White resigns} 0-1

[Event "ICC Open 2015"]
[Site "Internet Chess Club"]
[Date "2015.05.30"]
[Round "6"]
[White "DreamCrusher"]
[Black "bythebook"]
[Result "1-0"]
[ICCResult "Black forfeits on time"]
[WhiteElo "1837"]
[BlackElo "1629"]
[Opening "Bird's opening"]
[ECO "A02"]
[NIC "VO.07"]
[Time "15:02:34"]
[TimeControl "180+0"]

1. f4 Nf6 2. Nf3 g6 3. g3 Bg7 4. Bg2 d6 5. O-O O-O 6. d3 c5 7. c3 Nc6 8. Na3
a6 9. e4 b5 10. Nh4 Bb7 11. Be3 e6 12. Nc2 Qc7 13. Qe2 Rad8 14. Rad1 Rfe8
15. Kh1 a5 16. d4 c4 17. e5 Nd5 18. f5 dxe5 19. fxg6 hxg6 20. Bg5 Rd7 21.
Bf6 Nxf6 22. dxe5 Nxe5 23. Rxd7 Nexd7 24. Nd4 Bxg2+ 25. Nxg2 b4 26. Qf3 Ne5
27. Qf2 Nd3 28. Qf3 Nd5 29. Ne2 Nxb2 30. cxb4 axb4 31. Nef4 Nxf4 32. Nxf4 c3
33. Nh3 c2 34. Ng5 c1=Q 35. Nxf7 Rc8 36. Ng5 Q1c6 37. h4 Qxf3+ 38. Rxf3 Qc1+
39. Kg2 Rc2+ 40. Kh3 Qh1+ 41. Kg4 Nd3 42. Rxd3 Rc4+ 43. Rd4 Rxd4+ 44. Ne4
Rxe4+ 45. Kg5 {Black forfeits on time} 1-0

[Event "ICC Open 2015"]
[Site "Internet Chess Club"]
[Date "2015.05.30"]
[Round "6"]
[White "Machinegun"]
[Black "richbe"]
[Result "1-0"]
[ICCResult "Black resigns"]
[WhiteElo "2483"]
[BlackElo "2031"]
[Opening "Hungarian defense"]
[ECO "C50"]
[NIC "IG.03"]
[Time "15:02:42"]
[TimeControl "180+0"]

1. e4 e5 2. Nf3 Nc6 3. Bc4 Be7 4. Nc3 d6 5. d4 Nf6 6. dxe5 dxe5 7. Qxd8+
Bxd8 8. Nd5 Bg4 9. Nd2 Nd4 10. Nxf6+ Bxf6 11. Bd3 O-O-O 12. f3 Be6 13. Kf2
h5 14. Nf1 c5 15. Ne3 b5 16. b3 Bg5 17. Ba3 Be7 18. Rhd1 a6 19. c3 Nc6 20.
Bb2 f6 21. Nd5 Bxd5 22. exd5 Nb8 23. a4 b4 24. cxb4 cxb4 25. Rac1+ Kb7 26.
Be4 Bd6 27. Rc4 Nd7 28. Rc6 Bc5+ 29. Ke2 Ba7 30. d6 f5 31. Rc7+ Kb8 32. Rb7+
Ka8 33. Bc6 Nc5 34. Rxb4+ {Black resigns} 1-0

[Event "ICC Open 2015"]
[Site "Internet Chess Club"]
[Date "2015.05.30"]
[Round "6"]
[White "LittlePeasant"]
[Black "Sibelephant"]
[Result "0-1"]
[ICCResult "White resigns"]
[WhiteElo "2765"]
[BlackElo "3156"]
[Opening "Réti opening"]
[ECO "A04"]
[NIC "QP.11"]
[Time "15:02:45"]
[TimeControl "180+0"]

1. Nf3 g6 2. c4 Bg7 3. g3 c6 4. Bg2 d5 5. cxd5 cxd5 6. d4 Nf6 7. Ne5 O-O 8.
Nc3 Nc6 9. O-O e6 10. Bf4 Nd7 11. Nf3 Nf6 12. Rc1 Bd7 13. Ne5 Rc8 14. Qd2
Nh5 15. Bg5 Qe8 16. Nb5 Nxe5 17. Nd6 Rxc1 18. Rxc1 Qb8 19. dxe5 Bxe5 20. Ne4
Rc8 21. Nc5 Be8 22. Nd3 Rxc1+ 23. Qxc1 Bg7 24. e4 dxe4 25. Bxe4 Nf6 26. Bf3
Nd5 27. Bxd5 exd5 28. Bf4 Qd8 29. Be5 d4 30. Bxg7 Kxg7 31. Qc5 Bc6 32. Qxa7
Qd5 33. Kf1 Bb5 34. Qa3 Qe4 {White resigns} 0-1

[Event "ICC Open 2015"]
[Site "Internet Chess Club"]
[Date "2015.05.30"]
[Round "6"]
[White "delerio"]
[Black "ChessNakas"]
[Result "0-1"]
[ICCResult "White resigns"]
[WhiteElo "2543"]
[BlackElo "2135"]
[Opening "Queen's pawn: Keres defense"]
[ECO "A40"]
[NIC "QO.17"]
[Time "15:03:23"]
[TimeControl "180+0"]

1. d4 e6 2. c4 b6 3. Nc3 Bb7 4. a3 f5 5. Nf3 Nf6 6. g3 Ne4 7. Qc2 Be7 8. Bg2
O-O 9. O-O d6 10. Ne1 d5 11. cxd5 Nxc3 12. bxc3 Bxd5 13. e4 fxe4 14. Bxe4
Bxe4 15. Qxe4 Qd5 16. Qxd5 exd5 17. Nd3 Nd7 18. Re1 Bd6 19. Bf4 Rae8 20.
Bxd6 cxd6 21. Nf4 Nf6 22. Kg2 Kf7 23. a4 Rxe1 24. Rxe1 Rc8 25. Re3 g5 26.
Ne2 Rc4 27. f4 g4 28. f5 Rxa4 29. Nf4 Ra2+ 30. Kg1 a5 31. Re6 Rb2 32. Rxd6
a4 33. Nxd5 Nxd5 34. Rxd5 a3 {White resigns} 0-1

[Event "ICC Open 2015"]
[Site "Internet Chess Club"]
[Date "2015.05.30"]
[Round "6"]
[White "Pkopsa"]
[Black "rookfish"]
[Result "1-0"]
[ICCResult "Black resigns"]
[WhiteElo "1594"]
[BlackElo "1202"]
[Opening "Blackmar gambit"]
[ECO "D00"]
[NIC "VO.06"]
[Time "15:03:14"]
[TimeControl "180+0"]

1. d4 d5 2. e4 Nc6 3. exd5 Nb4 4. c4 e5 5. dxe5 Ne7 6. Nc3 Nf5 7. a3 Na6 8.
b4 c5 9. b5 Nc7 10. Bd3 Nd4 11. Nge2 Bg4 12. O-O Nf3+ 13. gxf3 Bxf3 14. Be4
Bh5 15. Bg2 Qh4 16. Qd3 O-O-O 17. Qh3+ Qxh3 18. Bxh3+ Kb8 19. Ng3 Bf3 20.
Bg2 Bxg2 21. Kxg2 Be7 22. f4 f5 23. d6 Bxd6 24. exd6 Rxd6 25. Be3 Rd3 26.
Nd1 Re8 27. Nxf5 g6 28. Ng3 Rexe3 29. Nxe3 Rxe3 30. Rf3 Re4 {Black resigns}
1-0

[Event "ICC Open 2015"]
[Site "Internet Chess Club"]
[Date "2015.05.30"]
[Round "6"]
[White "yaguaro"]
[Black "oapa"]
[Result "1-0"]
[ICCResult "Black forfeits on time"]
[WhiteElo "2001"]
[BlackElo "1527"]
[Opening "French: Winawer, advance, Bogolyubov variation"]
[ECO "C17"]
[NIC "FR.10"]
[Time "15:03:14"]
[TimeControl "180+0"]

1. e4 e6 2. d4 d5 3. Nc3 Bb4 4. e5 c5 5. Bd2 cxd4 6. Nb5 Bxd2+ 7. Qxd2 Ne7
8. Nd6+ Kf8 9. f4 Nbc6 10. Nf3 Nf5 11. Nxf5 exf5 12. Nxd4 Qb6 13. c3 Be6 14.
Be2 Ke7 15. O-O Rae8 16. Kh1 Kd8 17. Rac1 g5 18. g3 gxf4 19. gxf4 Rhg8 20.
Rg1 Rg6 21. Bh5 Rxg1+ 22. Rxg1 Re7 23. Rg8+ Kd7 24. Rg7 Nxd4 25. cxd4 Qb5
26. Be2 Qb6 27. Rxh7 a5 28. Rg7 {Black forfeits on time} 1-0

[Event "ICC Open 2015"]
[Site "Internet Chess Club"]
[Date "2015.05.30"]
[Round "6"]
[White "NICO"]
[Black "Werewolf"]
[Result "1-0"]
[ICCResult "Black checkmated"]
[WhiteElo "2360"]
[BlackElo "2198"]
[Opening "Center game: Berger variation"]
[ECO "C22"]
[NIC "KP.04"]
[Time "15:03:28"]
[TimeControl "180+0"]

1. e4 e5 2. d4 exd4 3. Qxd4 Nc6 4. Qe3 Nf6 5. Nc3 Bb4 6. Bd2 O-O 7. O-O-O
Re8 8. Bc4 Ne5 9. Bb3 d6 10. f3 a5 11. a3 Bc5 12. Qe2 c6 13. g4 b5 14. g5
Nfd7 15. f4 Ng6 16. h4 Nb6 17. h5 Nf8 18. g6 Be6 19. gxf7+ Bxf7 20. Bxf7+
Kxf7 21. Nf3 b4 22. Nb1 bxa3 23. bxa3 Qe7 24. h6 g6 25. f5 Qxe4 26. Ng5+ Kf6
27. Nxe4+ Rxe4 28. Qxe4 gxf5 29. Bc3+ Kf7 30. Qxf5+ Ke8 31. Rhe1+ Kd8 32.
Qxc5 Kc7 33. Qxd6+ Kb7 34. Re7+ Ka6 35. Qd3+ Nc4 36. Qxc4+ Kb6 37. Bd4+ c5
38. Qxc5+ Ka6 39. Qd6+ Kb5 40. Nc3+ Kc4 41. Qc5# {Black checkmated} 1-0

[Event "ICC Open 2015"]
[Site "Internet Chess Club"]
[Date "2015.05.30"]
[Round "6"]
[White "MoonlightWizard"]
[Black "JustKid"]
[Result "1-0"]
[ICCResult "Black resigns"]
[WhiteElo "2920"]
[BlackElo "2134"]
[Opening "Pirc: classical system, 5.Be2"]
[ECO "B08"]
[NIC "PU.01"]
[Time "15:03:17"]
[TimeControl "180+0"]

1. e4 d6 2. d4 Nf6 3. Nc3 g6 4. Nf3 Bg7 5. Be2 O-O 6. O-O Bg4 7. Bg5 Nc6 8.
Qd2 e5 9. d5 Ne7 10. h3 Bd7 11. Rac1 a6 12. Bd3 b5 13. Ne2 Qb8 14. Rfd1 Qb6
15. c4 bxc4 16. Rxc4 Rfb8 17. b3 Bb5 18. Rc3 Bxd3 19. Qxd3 h6 20. Be3 Qb5
21. Rxc7 Nc8 22. Nc3 Qa5 23. Rc4 Nb6 24. Bxb6 Qxb6 25. Rc6 Qb4 26. Rc4 Qb6
27. Rc1 a5 28. Na4 Qa6 29. Nd2 Nd7 30. Qc2 h5 31. Rc6 Qe2 32. Nc4 Qxc2 33.
Rxc2 Nc5 34. Nxc5 dxc5 35. d6 a4 36. bxa4 Rxa4 37. d7 Bf6 38. Rxf6
{Black resigns}
1-0

[Event "ICC Open 2015"]
[Site "Internet Chess Club"]
[Date "2015.05.30"]
[Round "6"]
[White "paraguayo"]
[Black "Dark-Magician"]
[Result "0-1"]
[ICCResult "White resigns"]
[WhiteElo "1737"]
[BlackElo "2316"]
[Opening "Sicilian"]
[ECO "B50"]
[NIC "SI.01"]
[Time "15:03:42"]
[TimeControl "180+0"]

1. e4 c5 2. Nf3 d6 3. Nc3 Nc6 4. d3 g6 5. g3 Bg7 6. Bg2 e5 7. O-O Nge7 8. h3
O-O 9. Kh2 f5 10. exf5 gxf5 11. Bg5 a6 12. Nd5 Be6 13. Nxe7+ Nxe7 14. c3 h6
15. Bh4 Qd7 16. Re1 Ng6 17. Rb1 Bxa2 18. Ra1 Be6 19. d4 e4 20. Nd2 Nxh4 21.
gxh4 cxd4 22. cxd4 d5 23. Nb3 b6 24. Qd2 a5 25. Nc1 Qe7 26. Ne2 Qxh4 27. Nf4
Bf7 28. Rec1 Rac8 29. b4 Bxd4 30. Qxd4 Qxf4+ 31. Kh1 Rxc1+ {White resigns}
0-1